 Dungeon Crawl Stone Soup version 0.25.1-2-g60ff931df9 (webtiles) character file.

Game seed: 260066579594336188

310 H0rd4k the Insei (level 6, -1/38 HPs)
             Began as an Octopode Transmuter on Sept 17, 2020.
             Was an Initiate of Gozag.
             Slain by a crocodile (19 damage)
             ... in a sewer.
             The game lasted 00:05:02 (4179 turns).

H0rd4k the Insei (Octopode Transmuter)              Turns: 4179, Time: 00:05:04

Health: -1/38      AC:  1    Str: 17    XL:     6   Next: 41%
Magic:  19/19      EV: 14    Int: 15    God:    Gozag
Gold:   446        SH:  0    Dex: 13    Spells: 9/10 levels left

rFire    . . .     SeeInvis .     - Unarmed
rCold    + . .     Gourm    .   (no shield)
rNeg     . . .     Faith    .   (helmet restricted)
rPois    .         Spirit   .   (no amulet)
rElec    .         Reflect  .   g - ring of magical power
rCorr    .         Harm     .   d - +6 ring of strength
MR       .....                  e - ring of protection from cold
Stlth    +++.......             (no ring)
HPRegen  0.12/turn              (no ring)
MPRegen  0.16/turn              (no ring)
                                (no ring)
                                (no ring)

@: appendage (expiring)
A: almost no armour, stealthy swim, amphibious, 8 rings, constrict 8, tentacle
spike 3, camouflage 1, gelatinous body 1
a: End Transformation, Potion Petition, Call Merchant, Bribe Branch, Renounce
Religion


You were in a sewer.
You worshipped Gozag.
Gozag was aware of your devotion.
You were not hungry.
One of your tentacles had a temporary spike.
You visited 1 branch of the dungeon, and saw 4 of its levels.
You also visited: Sewer.

You collected 480 gold pieces.
You paid 34 gold pieces to Gozag.

Inventory:

Hand Weapons
 p - a +0 dagger of venom
Missiles
 a - 85 arrows
Jewellery
 d - a +6 ring of strength (right tentacle)
 e - a ring of protection from cold (on tentacle)
 g - a ring of magical power (left tentacle)
Scrolls
 h - 2 scrolls of identify {unknown}
 k - 2 scrolls of teleportation {unknown}
 m - a scroll of amnesia {unknown}
 n - a scroll of enchant armour {unknown}
 o - 2 scrolls of remove curse
 q - 3 scrolls of blinking {unknown}
 r - a scroll of fog {unknown}
Potions
 b - a potion of heal wounds
 f - 3 potions of mutation {unknown}
 i - a potion of degeneration {unknown}
 j - a potion of lignification {unknown}
 l - 3 potions of curing {unknown}
Comestibles
 c - 2 rations


   Skills:
 + Level 1.2 Fighting
 + Level 2.6 Dodging
 + Level 3.1 Stealth
 + Level 5.3 Unarmed Combat
 * Level 2.6 Spellcasting
 * Level 3.1 Transmutations


You had 9 spell levels left.
You knew the following spells:

 Your Spells              Type           Power        Failure   Level  Hunger
a - Beastly Appendage     Tmut           ##....       5%          1    #......

Your spell library contained the following spells:

 Spells                   Type           Power        Failure   Level  Hunger
 Sticks to Snakes         Tmut           ##......     9%          2    ##.....
 Spider Form              Tmut/Pois      #.........   32%         3    ###....
 Ice Form                 Ice/Tmut       #.......     71%         4    #####..
 Blade Hands              Tmut           ##........   83%         5    ######.


Dungeon Overview and Level Annotations

Branches:
Dungeon (4/15)              Sewer (1/1)
 Temple: D:4-7

Altars:
Gozag
Okawaru
Sif Muna
The Shining One

Annotations:
D:2 exclusion: 2 downstairs
D:3 exclusion: downstairs


Innate Abilities, Weirdness & Mutations

You cannot wear most types of armour.
You are very stealthy in the water. (Stealth+)
You are amphibious.
You can wear up to eight rings at the same time.
You can use your tentacles to constrict eight enemies at once.
Your skin changes colour to match your surroundings (Stealth+).
Your rubbery body absorbs attacks. (AC +1, EV +1)
One of your tentacles bears a large vicious spike.


Message History

You tentacle-slap the crocodile.
The crocodile is lightly wounded.
The crocodile bites you!
You tentacle-slap the crocodile.
The crocodile is moderately wounded.
The crocodile completely misses you.
You closely miss the crocodile. You squeeze the crocodile.
The crocodile is moderately wounded.
The crocodile bites you.
You barely miss the crocodile.
Your tentacle spike misses the crocodile.
The crocodile is moderately wounded.
The crocodile bites you!
You barely miss the crocodile.
The crocodile is moderately wounded.
Your transformation is almost over.
The crocodile bites you!!
Ouch! That really hurt!
You die...
Your body crumbles into a pile of gold.

###### ###
##....≈.## #?!
###....≈..≈≈.##
#:.##≈...≈# #≈≈≈..
###..≈≈.# #...
#t@.≈≈≈## ##≈.
###≈≈≈..### ###≈≈.
#!≈##≈..≈≈####.....
#%$ ###.....≈≈.≈.##
### ###.≈..≈.###
########


You could see a crocodile.

Vanquished Creatures
  An orc priest (D:3)
  An orc wizard (D:3)
  A worker ant (D:4)
  A river rat (D:4)
  10 adders
  8 worms
  3 dart slugs
  3 leopard geckos
  8 orcs (D:3)
  10 bats
  7 giant cockroaches
  6 hobgoblins
  5 jackals
  A quokka (D:2)
  5 frilled lizards
  6 goblins
  A jackal skeleton (D:4)
  12 kobolds
  11 rats
100 creatures vanquished.

Notes
Turn   | Place    | Note
-------+----------+-------------------------------------------
     0 | D:1      | H0rd4k the Octopode Transmuter began the quest for the Orb.
     0 | D:1      | Reached XP level 1. HP: 13/13 MP: 3/3
   320 | D:1      | Reached XP level 2. HP: 18/18 MP: 5/5
   356 | D:1      | Found an iron altar of Okawaru.
   666 | D:1      | Reached XP level 3. HP: 22/23 MP: 6/6
  1393 | D:2      | Reached skill level 1 in Stealth
  1553 | D:2      | Reached skill level 4 in Unarmed Combat
  1709 | D:2      | Reached XP level 4. HP: 22/28 MP: 7/7
  1887 | D:2      | Found an opulent altar of Gozag.
  1888 | D:2      | Found a glowing golden altar of the Shining One.
  2173 | D:2      | Became a worshipper of Gozag Ym Sagoz the Greedy
  2898 | D:3      | Reached XP level 5. HP: 27/33 MP: 8/8
  3682 | D:3      | Found a shimmering blue altar of Sif Muna.
  3866 | D:4      | Reached skill level 5 in Unarmed Combat
  3866 | D:4      | Reached XP level 6. HP: 35/38 MP: 9/9
  3911 | D:4      | Found a glowing drain.
  3957 | Sewer    | Entered a sewer
  4179 | Sewer    | Slain by a crocodile

Illustrated notes

Levels and vault maps discovered:
D:1:      dpeg_arrival_simpleton_c, layout_basic, okawaru_ov_weapons_minmay
D:2:      layout_loops_corners, minitemple
D:3:      layout_rooms, led_sif_pool
D:4:      layout_cave_pods, lightli_sewer_entry_pipes
Sewer:    sewer_the_crocodile

Skill      XL: |  1  2  3  4  5 |
---------------+----------------+-----
Stealth        | 1 2 3 |  3.1
Unarmed Combat | 4 5 |  5.3
Transmutations | 3 |  3.1
Fighting       | |  1.2
Dodging        | |  2.6
Spellcasting   | |  2.6

Action                   |  1- 3 |  4- 6 || total
-------------------------+-------+-------++-------
Melee: Unarmed           |    66 |   147 ||   213
       Constrict         |    17 |    38 ||    55
       Tentacles         |     9 |    27 ||    36
       Punch             |     2 |     7 ||     9
       Kick              |     2 |    17 ||    19
 Cast: Beastly Appendage |     1 |    12 ||    13
  Use: Scroll            |     1 |       ||     1
       Potion            |       |     1 ||     1
 Stab: Sleeping          |     9 |     9 ||    18
       Distracted        |       |     2 ||     2
  Eat: Chunk             |     2 |     2 ||     4
       Ration            |       |     2 ||     2
Armor: Skin              |     5 |     9 ||    14
Dodge: Dodged            |    31 |    75 ||   106
